 Seeded DCSS version 0.30.1-4-g462c640d31 (webtiles) character file.

Game seed: 920673320228942481 (custom seed)

3 Psyclone the Stinger (level 1, 11/11 HPs)
             Began as an Octopode Venom Mage on Sept 19, 2023.
             Quit the game on level 1 of the Dungeon.
             The game lasted 00:01:49 (129 turns).

Psyclone the Stinger (Octopode Venom Mage)           Turns: 129, Time: 00:01:50

Health: 11/11      AC:  1    Str:  7    XL:     1   Next: 50%
Magic:  3/12       EV: 13    Int: 17    God:
Gold:   0          SH:  0    Dex: 12    Spells: 3/4 levels left

rFire   . . .        d - staff of poison "Fydwyjuts" {rPois MP+9}
rCold   . . .        (no shield)
rNeg    . . .        (helmet restricted)
rPois   +            (no amulet)
rElec   .            (no ring)
rCorr   .            (no ring)
SInv    .            (no ring)
Will    .....        (no ring)
Stlth   +++          (no ring)
HPRegen 0.21/turn    (no ring)
MPRegen 0.13/turn    (no ring)
                     (no ring)

%: no passive effects
@: no status effects
A: almost no armour, amphibious, 8 rings, camouflage 1, gelatinous body 1,
(nimble swimmer 1), tentacles
a: no special abilities


You were on level 1 of the Dungeon.
You visited 1 branch of the dungeon, and saw 1 of its levels.

Inventory:

Armour
 c - the +2 hat of Autotheism {rCorr}
   (You acquired it on level 1 of the Dungeon)

   rCorr:     It protects you from acid and corrosion.
Magical Staves
 d - the staff of poison "Fydwyjuts" (weapon) {rPois MP+9}
   (You acquired it on level 1 of the Dungeon)

   [staff of poison]

   Base accuracy: +5 Base damage: 5 Base attack delay: 1.2 This weapon's minimum
   attack delay (0.6) is reached at skill level 12.
   rPois:     It protects you from poison.
   MP:        It affects your magic capacity (+9).
   It falls into the 'Staves' category.
   It is a one-tentacled weapon.
Jewellery
 e - the ring "Wupnugio" {Wiz Int+2}
   (You acquired it on level 1 of the Dungeon)

   [ring of wizardry]

   It improves your spell success rate.
   Int:       It affects your intelligence (+2).
Potions
 a - a potion of magic
 b - a potion of cancellation {unknown}


   Skills:
 - Level 2.0 Dodging
 - Level 2.6 Stealth
 - Level 2.0 Spellcasting
 - Level 1.0 Transmutations
 + Level 3.9 Poison Magic


You had 3 spell levels left.
You knew the following spells:

 Your Spells              Type           Power      Damage    Failure   Level
a - Sting                 Tmut/Pois      60%        1d6       7%          1

Your spell library contained the following spells:

 Spells                   Type           Power      Damage    Failure   Level
 Poisonous Vapours        Pois/Air       24%        N/A       13%         2
 Mephitic Cloud           Conj/Pois/Air  9%         N/A       34%         3
 Olgreb's Toxic Radiance  Pois           22%        N/A       36%         4


Dungeon Overview and Level Annotations

Branches:
Dungeon (1/15) Zot: 5871

Altars:


Innate Abilities, Weirdness & Mutations

You cannot wear most types of armour.
You are amphibious.
You can wear up to eight rings at the same time.
Your skin changes colour to match your surroundings (Stealth+).
Your rubbery body absorbs attacks. (AC +1, EV +1)
((You are camouflaged when in or above water. (Stealth+)))
You have tentacles for arms and can constrict up to eight enemies at once.


Message History

You now have 1/3 mp.
You tentacle-slap the dart slug. You grab the dart slug.
The dart slug is almost dead.
You constrict the dart slug.
You kill the dart slug!
You open the door.
MP restored: 3
There is an open door here.
A ball python comes into view.
The ball python hisses angrily.
The ball python barely misses you. The ball python grabs you.
The ball python constricts you.
Casting: Sting (safe; 7% risk of failure)
Confirm with . or Enter, or press ? or * to list all spells.
Aiming: Sting (safe; 7% risk of failure)
Press: ? - help, Shift-Dir - straight line, f - ball python
Aim: a ball python (constricting you, 68% to hit)
The sting hits the ball python.
The ball python is poisoned.
You kill the ball python!
You now have 2/3 mp.
Found a stone staircase leading down.
You see here a ball python corpse.
Found 3 scrolls labelled NOEDYA EDEF.
Found a hand axe.
c - 3 scrolls labelled NOEDYA EDEF MP restored: 3 This is a scroll of acquirement!
Something appears before you! Something appears before you!
Something appears before you!
c - the +2 hat of Autotheism {rCorr}
d - the staff of poison "Fydwyjuts" {rPois MP+9}
e - the ring "Wupnugio" {Wiz Int+2}
Casting: Sting (safe; 7% risk of failure)
Confirm with . or Enter, or press ? or * to list all spells.
Okay, then.
d - the staff of poison "Fydwyjuts" (weapon)
{rPois MP+9}
Casting: Sting (safe; 7% risk of failure)
Confirm with . or Enter, or press ? or * to list all spells.
Okay, then.
Are you sure you want to abandon this character and quit the game? (Confirm with "yes".)

##### .. #... ..#. #...
.... #.. #... ...
...###.# ...#.# ##+#
#.#@#####.
#######.#....#.........)
......#.#.....#.######.#
...##.#.#...#....##
....#.#.##+#####..##
......#.##.######..#
....###.##.†......>####
###.###.................
#.#.....##############


There were no monsters in sight!

Vanquished Creatures
  A dart slug (D:1)
  A ball python (D:1)
2 creatures vanquished.

Notes
Turn   | Place    | Note
-------+----------+-------------------------------------------
     0 | D:1      | Psyclone the Octopode Venom Mage began the quest for the
                  | Orb.
     0 | D:1      | Reached XP level 1. HP: 11/11 MP: 3/3
   124 | D:1      | Identified 3 scrolls of acquirement
   124 | D:1      | Acquired the ring "Wupnugio" {Wiz Int+2}
   125 | D:1      | Acquired the +2 hat of Autotheism {rCorr}
   126 | D:1      | Acquired the staff of poison "Fydwyjuts" {rPois MP+9}
   129 | D:1      | Quit the game

Illustrated notes

Levels and vault maps discovered:
D:1:      dpeg_arrival_orchard, layout_basic

Action                     || total
---------------------------++-------
  Melee: Unarmed           ||     1
         Constrict         ||     1
   Cast: Sting             ||     3
    Use: Scroll            ||     3
  Dodge: Dodged            ||     1
